 Dungeon Crawl Stone Soup version 0.21-a0-634-gaf8bc5d (webtiles) character file.

21 Megalobster the Charmwright (level 2, -3/23 HPs)
             Began as a Merfolk Skald on Dec 29, 2017.
             Slain by a worm (7 damage)
             ... on level 2 of the Dungeon.
             The game lasted 00:01:51 (928 turns).

Megalobster the Charmwright (Merfolk Skald)          Turns: 928, Time: 00:01:53

Health: -3/23      AC:  3    Str: 11    XL:     2   Next: 87%
Magic:  0/5        EV: 12    Int: 12    God:
Gold:   2          SH:  0    Dex: 13    Spells: 0/5 levels left

rFire    . . .     SeeInvis .   a - +0 spear
rCold    . . .     Gourm    .   (no shield)
rNeg     . . .     Faith    .   b - +0 leather armour
rPois    .         Spirit   .   (no helmet)
rElec    .         Reflect  .   (no cloak)
rCorr    .         Harm     .   (no gloves)
MR       .....                  (no boots)
Stlth    ..........             (no amulet)
HPRegen  0.07/turn              o - ring of loudness (curse)
MPRegen  0.09/turn              j - -2 ring of slaying (curse)

@: no status effects
A: change form in water, swift swim, stealthy swim
a: no special abilities


You were on level 2 of the Dungeon.
You were not hungry.

You visited 1 branch of the dungeon, and saw 2 of its levels.

You collected 2 gold pieces.

Inventory:

Hand Weapons
 a - a +0 spear (weapon)
Armour
 b - a +0 leather armour (worn)
 h - a +0 chain mail
Jewellery
 i - a +2 ring of protection
 j - a cursed -2 ring of slaying (right hand)
 o - a cursed ring of loudness (left hand)
 p - an uncursed ring of positive energy {unknown}
Scrolls
 e - 2 scrolls of teleportation
 l - a scroll of identify
Potions
 f - 2 potions of ambrosia
 g - 2 potions of agility {unknown}
 k - a potion of curing {unknown}
 n - a potion of heal wounds {unknown}
Books
 c - a book of Battle

   Spells                             Type                      Level
   a - Infusion                       Charms                       1
   b - Shroud of Golubria             Charms/Translocation         2
   c - Song of Slaying                Charms                       2
   d - Spectral Weapon                Hexes/Charms                 3
   e - Regeneration                   Charms/Necromancy            3
Comestibles
 d - 5 rations
 m - 4 chunks of flesh


   Skills:
 + Level 2.4 Fighting
 + Level 3.3 Polearms
 + Level 1.0 Armour
 + Level 3.1 Dodging
 + Level 2.2 Spellcasting
 + Level 3.5 Charms


You couldn't memorise any spells.
You knew the following spells:

 Your Spells              Type           Power        Failure   Level  Hunger
a - Infusion              Chrm           #...         9%          1    ##.....
b - Song of Slaying       Chrm           #.......     13%         2    ###....
c - Shroud of Golubria    Chrm/Tloc      #.........   26%         2    ###....


Dungeon Overview and Level Annotations

Branches:
Dungeon (2/15)

Altars:


Message History

You hit the worm but do no damage.
The worm is moderately wounded.
The worm bites you!
You are too injured to fight recklessly!
You are too injured to fight recklessly!
You are too injured to fight recklessly!
You are too injured to fight recklessly!
You hit the worm.
The worm is moderately wounded.
You hit the worm but do no damage.
The worm is moderately wounded.
The worm bites you!
* * * LOW HITPOINT WARNING * * *
You hit the worm.
The worm is heavily wounded.
You are no longer magically infusing your attacks.
You hit the worm.
The worm is heavily wounded.
The worm bites you!
You die...

...........#
.....#....#
....#..(.# #
...#....#.#
..#......#
#......#.. .#.
#........#
.....#.w...#..#
.......†@......#
......†#.#######
...###.#.# ..
#.#.# #.#.#
..#.# ###.# #..


You could see a worm.

Vanquished Creatures
  A leopard gecko (D:1)
  A ball python (D:1)
  2 giant cockroaches (D:1)
  3 goblins (D:1)
  2 hobgoblins (D:1)
  A kobold (D:1)
  5 bats
  2 frilled lizards (D:1)
  3 rats
20 creatures vanquished.

Notes
Turn   | Place    | Note
-------+----------+-------------------------------------------
     0 | D:1      | Megalobster the Merfolk Skald began the quest for the Orb.
     0 | D:1      | Reached XP level 1. HP: 16/16 MP: 3/3
   350 | D:1      | Reached XP level 2. HP: 14/23 MP: 5/5
   468 | D:1      | Learned a level 2 spell: Song of Slaying
   471 | D:1      | Learned a level 2 spell: Shroud of Golubria
   907 | D:2      | Reached skill level 1 in Armour
   928 | D:2      | Slain by a worm

Vault maps used:
D:1:      onia_arrival_pentagram
D:2:      feat_on_display, uniq_crazy_yiuf_cottage, uniq_jessica

Skill      XL: |  1  2 |
---------------+-------+-----
Dodging        | 3 |  3.1
Armour         | 1 |  1.0
Fighting       | |  2.4
Polearms       | |  3.3
Spellcasting   | |  2.2
Charms         | |  3.5

Action                   || total
-------------------------++-------
Melee: Spear             ||    73
 Cast: Infusion          ||     3
  Use: Scroll            ||     2
 Stab: Sleeping          ||     1
Armor: Leather armour    ||    11
Dodge: Dodged            ||    30

Table legend:
 A = Spawn XP
 B = Non-spawn XP
 C = Spawn XP percentage of total XP
 D = Spawn monster count
 E = Non-spawn monster count
 F = Spawn count percentage of total count
 G = Total turns spent on level
                    A         B        C        D         E        F      G
               +---------+---------+-------+---------+---------+-------+---------
         Total |       0 |      31 |   0.0 |       0 |      20 |   0.0 |   928
               +---------+---------+-------+---------+---------+-------+---------
           D:1 |       0 |      29 |   0.0 |       0 |      18 |   0.0 |   906
           D:2 |       0 |       2 |   0.0 |       0 |       2 |   0.0 |    22
               +---------+---------+-------+---------+---------+-------+---------
